 Dungeon Crawl Stone Soup version 0.19.5 (webtiles) character file.

441 JeffiDaFish the Shield-Bearer (level 7, -8/43 HPs)
             Began as a Gargoyle Fighter on Dec 8, 2017.
             Mangled by an orc warrior
             ... wielding a +0 trident
              (12 damage)
             ... on level 4 of the Dungeon.
             The game lasted 00:06:05 (3336 turns).

JeffiDaFish the Shield-Bearer (Gargoyle Fighter)    Turns: 3336, Time: 00:06:05

Health: -8/43      AC: 16    Str: 25    XL:     7   Next: 2%
Magic:  7/7        EV:  5    Int:  9    God:
Gold:   196        SH: 10    Dex: 10    Spells: 0 memorised, 6 levels left

rFire  . . .     SeeInvis .     a - +1 flail
rCold  . . .     Gourm    .     b - +0 scale mail
rNeg   + . .     Faith    .     c - +0 shield
rPois  ∞         Spirit   .     (no helmet)
rElec  +         Reflect  .     (no cloak)
rCorr  .         Harm     .     l - +2 pair of gloves
MR     +....                    d - +0 pair of boots
Stlth  ..........               (no amulet)
                                (no ring)
                                e - ring of protection from magic

@: mighty, constricted
A: negative energy resistance 1, electricity resistance, unbreathing,
petrification resistance, rot immunity, AC +4
a: no special abilities


You were on level 4 of the Dungeon.
You were not hungry.

You visited 1 branch of the dungeon, and saw 4 of its levels.

You collected 196 gold pieces.

Inventory:

Hand Weapons
 a - a +1 flail (weapon)
Armour
 b - a +0 scale mail (worn)
 c - a +0 shield (worn)
 d - a +0 pair of boots (worn)
 l - a +2 pair of gloves (worn)
Jewellery
 e - a ring of protection from magic (left hand)
Scrolls
 k - 6 scrolls of identify
 o - a scroll of fog
Potions
 m - a potion of magic
Comestibles
 f - 3 bread rations
 g - 2 meat rations
 h - a beef jerky
 i - 5 fruits
 j - a chunk of flesh


   Skills:
 + Level 4.1 Fighting
 + Level 4.5 Maces & Flails
 + Level 4.6 Armour
 + Level 1.4 Dodging
 + Level 0.2 Stealth
 + Level 4.9 Shields


You had 6 spell levels left.
You didn't know any spells.

Dungeon Overview and Level Annotations

Branches:
Dungeon (4/15)
 Temple: D:4-7

Altars:


Innate Abilities, Weirdness & Mutations

You are resistant to torment.
Your stone body is resilient. (AC +4)
You are immune to poison.
You resist negative energy. (rN+)
You are resistant to electric shocks. (rElec)
You can survive without breathing.
You are immune to petrification.
You are immune to rotting.


Message History

The ball python bites you but does no damage.
The ball python constricts you. You block the orc warrior's attack.
You block the ball python's attack. The ball python constricts you.
The orc hits you but does no damage.
You feel very mighty all of a sudden. You block the orc warrior's attack.
The ball python bites you but does no damage.
The ball python constricts you.
You closely miss the orc warrior.
The orc warrior is heavily wounded.
You block the orc's attack. You block the ball python's attack.
The ball python constricts you.
The orc warrior hits you with a trident.
* * * LOW HITPOINT WARNING * * *
You hit the orc warrior but do no damage.
The orc warrior is heavily wounded.
You block the ball python's attack. The ball python constricts you.
You block the orc's attack.
The orc warrior hits you with a trident!
You die...

#.............
#.............
#.............
#.$.....?.....
#.............
#.............
#.....o...# ########
##.....@o..#
#......###......S...#
.......'......>..####
#......###.......#
######## #.......#
#.......# #####.###
#.# .#


You could see an orc warrior, an orc and a ball python.

Vanquished Creatures
  The ghost of slughead42 the Shield-Bearer, an amateur MiFi (D:3)
  A sky beast (D:4)
  An orc wizard (D:4)
  Ijyb (D:2)
  3 worker ants (D:4)
  5 adders
  3 dart slugs (D:1)
  6 leopard geckos
  6 orcs
  7 giant cockroaches
  9 goblins
  8 hobgoblins
  2 ball pythons
  13 bats
  7 frilled lizards
  15 kobolds
  5 rats
93 creatures vanquished.

Notes
Turn   | Place    | Note
-------+----------+-------------------------------------------
     0 | D:1      | JeffiDaFish the Gargoyle Fighter began the quest for the Orb.
     0 | D:1      | Reached XP level 1. HP: 14/14 MP: 1/1
    90 | D:1      | Reached XP level 2. HP: 18/19 MP: 2/2
   336 | D:1      | Reached XP level 3. HP: 22/24 MP: 3/3
  1150 | D:2      | Found a faded altar of an unknown god.
  1494 | D:2      | Noticed Ijyb
  1515 | D:2      | Killed Ijyb
  1515 | D:2      | Reached XP level 4. HP: 26/29 MP: 4/4
  1569 | D:3      | Noticed slughead42's ghost (amateur MiFi)
  2047 | D:3      | Killed slughead42's ghost
  2047 | D:3      | Reached XP level 5. HP: 4/33 MP: 5/5
  2373 | D:3      | Reached skill level 1 in Dodging
  2496 | D:3      | Reached XP level 6. HP: 38/38 MP: 6/6
  2940 | D:4      | Noticed a sky beast
  2986 | D:4      | Killed a sky beast
  3123 | D:4      | Reached XP level 7. HP: 40/43 MP: 7/7
  3336 | D:4      | Mangled by an orc warrior

Skill      XL: |  1  2  3  4  5  6 |
---------------+-------------------+-----
Armour         | 4 |  4.6
Maces & Flails | 3 4 |  4.5
Shields        | 4 |  4.9
Fighting       | 4 |  4.1
Dodging        | 1 |  1.4
Stealth        | |  0.2

Action                   |  1- 3 |  4- 6 |  7- 9 || total
-------------------------+-------+-------+-------++-------
Melee: Flail             |   149 |   224 |    19 ||   392
  Use: Potion            |     5 |     4 |     1 ||    10
       Scroll            |     3 |     4 |     1 ||     8
  Eat: Chunk             |     2 |     6 |     1 ||     9
Armor: Scale mail        |   105 |   122 |    24 ||   251
Dodge: Dodged            |    42 |    72 |    12 ||   126
Block: Shield            |    98 |   159 |    21 ||   278
